Sasquatch vs Senators
(R2)
Created - October 18, 2018 at 21:42
Goals
|
| Sasquatch |
0 |
1 |
2 |
3 |
| Senators |
1 |
2 |
1 |
4 |
|
Shots
|
| Sasquatch |
18 |
9 |
8 |
35 |
| Senators |
10 |
12 |
4 |
26 |
|
1st period
1. Senators , Matt Frattin 3 (Ian Cole 1, Arturs Kulda 1) at 17:48
Penalties :
Matt Halischuk (Gat) for Holding Stick (Minor) at 0:45, Marc-André Bernier (BIN) for Roughing (Minor) at 12:51, Matt Frattin (BIN) for Holding (Minor) at 15:18
2nd period
2. Senators , Marc-André Bernier 1 (Ian Cole 2, Gabriel Bourque 2) at 0:18
3. Sasquatch , Patrick Wey 1 (Dougie Hamilton 1, Jesper Fast 4) at 14:21
4. Senators , Gabriel Bourque 3 (Stephane Da Costa 3) at 14:28
Penalties :
Sven Andrighetto (Gat) for Roughing (Minor) at 1:41, Grant Besse (BIN) for Holding Stick (Minor) at 9:59, Olli Maatta (BIN) for Tripping (Minor) at 15:14, Slava Voynov (Gat) for Hooking (Minor) at 16:01
3rd period
5. Sasquatch , Devin Shore 2 (Martin Marincin 2) at 0:49
6. Senators , Stephane Da Costa 2 (Olli Maatta 1, Gabriel Bourque 3) at 1:01
7. Sasquatch , Nicolas Deslauriers 1 (Andrew Campbell 1, Sven Andrighetto 1) at 12:17
Penalties :
Keegan Lowe (BIN) for Hooking (Minor) at 2:32, Matt Frattin (BIN) for Tripping (Minor) at 7:07, Teemu Hartikainen (Gat) for Tripping (Minor) at 12:46
Goalie Stats
Corey Crawford (Gat), 22 saves from 26 shots - (0.846), L, 1-2-0, 59:18 minutes
Brad Thiessen (BIN), 32 saves from 35 shots - (0.914), W, 3-0-0, 60:00 minutes
Players Stats for Sasquatch
Player Name G A P +/- PIM S H SB GA TA FO MP PP MP PK MP
------------------------------------------------------------------------------------
Andrew Campbell 0 1 1 1 0 0 2 2 1 0 0/0 9:46 0:00 0:36
Brock Trotter 0 0 0 0 0 6 1 1 1 0 0/0 14:24 4:34 1:00
Devin Shore 1 0 1 2 0 5 1 0 0 0 2/2 11:01 0:00 1:43
Dougie Hamilton 0 1 1 -2 0 2 0 1 0 2 0/0 29:27 6:43 3:26
Drew Shore 0 0 0 -1 0 1 5 0 0 2 21/38 23:23 5:57 3:18
Jeff Skinner 0 0 0 -1 0 3 1 1 2 0 3/5 20:03 6:00 0:03
Jesper Fast 0 1 1 -1 0 4 2 0 1 0 0/0 17:50 4:34 0:00
Martin Marincin 0 1 1 0 0 1 0 0 0 0 0/0 21:27 3:59 3:18
Matt Halischuk 0 0 0 -1 2 1 3 1 4 1 0/0 17:18 6:02 0:00
Melker Karlsson 0 0 0 -1 0 2 2 2 0 1 6/14 14:21 4:34 0:00
Michael Stone 0 0 0 1 0 0 1 0 0 0 0/0 9:39 0:00 0:00
Nicolas Deslauriers 1 0 1 2 0 2 1 0 0 1 0/0 10:49 0:00 3:44
Patrick Wey 1 0 1 -2 0 1 1 0 0 1 0/0 29:27 6:43 3:26
Petr Straka 0 0 0 -1 0 2 0 0 0 1 0/0 7:50 0:02 0:00
Sergey Kalinin 0 0 0 -1 0 0 3 0 0 0 5/6 12:39 0:12 2:12
Slava Voynov 0 0 0 0 2 1 1 1 1 0 0/0 20:17 3:58 2:42
Sven Andrighetto 0 1 1 2 2 1 0 0 0 0 0/0 7:47 0:00 0:00
Teemu Hartikainen 0 0 0 -2 2 3 0 3 1 0 0/0 14:32 0:11 1:28
Players Stats for Senators
Player Name G A P +/- PIM S H SB GA TA FO MP PP MP PK MP
------------------------------------------------------------------------------------
Andy Andreoff 0 0 0 -1 0 1 1 0 0 0 0/0 8:56 0:00 1:41
Arturs Kulda 0 1 1 1 0 2 3 1 1 2 0/0 27:29 3:50 6:35
Brett Bulmer 0 0 0 0 0 0 0 0 0 0 0/0 1:11 0:02 0:00
Chandler Stephenson 0 0 0 -2 0 0 0 0 1 0 0/2 6:33 0:00 0:00
Dylan Blujus 0 0 0 -1 0 0 0 2 0 0 0/0 12:13 0:06 0:00
Gabriel Bourque 1 2 3 3 0 8 3 0 1 2 1/3 24:10 3:28 6:20
Grant Besse 0 0 0 -2 2 0 0 2 0 0 0/0 8:06 0:02 0:00
Ian Cole 0 2 2 1 0 1 4 1 2 1 0/0 28:44 3:50 6:35
Johannes Salmonsson 0 0 0 0 0 0 0 4 1 1 0/0 13:31 0:00 3:59
Keegan Lowe 0 0 0 -1 2 0 0 1 0 1 0/0 11:49 0:00 0:12
Marc-André Bernier 1 0 1 3 2 1 3 0 0 0 0/0 17:03 3:22 0:00
Mason Geertsen 0 0 0 0 0 0 0 0 0 0 0/0 1:15 0:00 0:00
Matt Frattin 1 0 1 0 4 5 2 0 0 0 0/0 14:00 3:14 0:00
Nick Foligno 0 0 0 -1 0 2 2 0 0 0 1/1 16:46 3:14 2:51
Olli Maatta 0 1 1 1 2 1 0 0 2 2 0/0 18:56 2:54 3:55
Phil Di Giuseppe 0 0 0 0 0 0 0 0 0 0 0/0 1:47 0:08 0:00
Samuel Morin 0 0 0 1 0 0 0 2 0 1 0/0 19:40 2:54 4:07
Sebastian Wannstrom 0 0 0 0 0 0 0 0 0 0 0/0 8:45 0:00 0:00
Stephane Da Costa 1 1 2 3 0 4 3 0 1 1 20/45 24:18 3:22 6:29
Tommy Wingels 0 0 0 -1 0 1 1 0 0 0 4/10 13:28 3:14 0:00
Zemgus Girgensons 0 0 0 1 0 0 2 1 0 0 2/4 9:20 0:00 0:04
3 Stars
1 - Gabriel Bourque (BIN)
2 - Stephane Da Costa (BIN)
3 - Ian Cole (BIN)
Power Play
Sasquatch - 0 on 6 Attempt(s) - 0.00%
Senators - 0 on 4 Attempt(s) - 0.00%
Penalty Kill
Sasquatch - 4 on 4 Attempt(s) - 100.00%
- Score 0 goal in Penalty Kill
Senators - 6 on 6 Attempt(s) - 100.00%
- Score 0 goal in Penalty Kill
Team Stat
Sasquatch - Hits : 24 - Faceoff Wins : 37 - Blocked Shots : 12 - Penalty Minutes : 8
Senators - Hits : 24 - Faceoff Wins : 28 - Blocked Shots : 14 - Penalty Minutes : 12
Official
Referees : Unknown
Linesman : Unknown
Game Notes
No Game Note
Finance
Level 1 -- Attendance: 1605 (80.25%) -- Ticket Income $52,965
Level 2 -- Attendance: 731 (73.10%) -- Ticket Income $10,965
Total Attendance: 2336 (77.87%)
Total Ticket Income: $63,930
Other Income: $3,196
Total Income: $67,126
Sasquatch
5 vs 5 Forward
Center Left Wing Right Wing Time % Phy DF OF
1 Drew Shore Jeff Skinner Jesper Fast 40 1 2 2
2 Melker Karlsson Teemu Hartikainen Matt Halischuk 30 1 2 2
3 Sergey Kalinin Brock Trotter Petr Straka 20 1 2 2
4 Devin Shore Nicolas Deslauriers Sven Andrighetto 10 1 2 2
5 vs 5 Defense
Defense Defense Time % Phy DF OF
1 Patrick Wey Dougie Hamilton 40 1 2 2
2 Martin Marincin Slava Voynov 30 1 2 2
3 Michael Stone Andrew Campbell 20 1 2 2
4 Patrick Wey Dougie Hamilton 10 1 2 2
PowerPlay Forward
Center Left Wing Right Wing Time % Phy DF OF
1 Drew Shore Jeff Skinner Matt Halischuk 60 1 2 2
2 Melker Karlsson Brock Trotter Jesper Fast 40 1 2 2
PowerPlay Defense
Defense Defense Time % Phy DF OF
1 Patrick Wey Dougie Hamilton 60 1 2 2
2 Martin Marincin Slava Voynov 40 1 2 2
Penalty Kill 4 Players Forward
Center Wing Time % Phy DF OF
1 Drew Shore Nicolas Deslauriers 60 1 2 2
2 Sergey Kalinin Teemu Hartikainen 40 1 2 2
Penalty Kill 4 Players Defense
Defense Defense Time % Phy DF OF
1 Patrick Wey Dougie Hamilton 60 1 2 2
2 Martin Marincin Slava Voynov 40 1 2 2
Penalty Kill - 3 Players Forward
Forward Time % Phy DF OF
1 Sergey Kalinin 60 1 2 2
2 Drew Shore 40 1 2 2
Penalty Kill - 3 Players Defense
Defense Defense Time % Phy DF OF
1 Patrick Wey Dougie Hamilton 60 1 2 2
2 Martin Marincin Slava Voynov 40 1 2 2
4 vs 4 Forward
Center Wing Time % Phy DF OF
1 Jeff Skinner Drew Shore 60 1 2 2
2 Matt Halischuk Brock Trotter 40 1 2 2
4 vs 4 Defense
Defense Defense Time % Phy DF OF
1 Patrick Wey Dougie Hamilton 60 1 2 2
2 Martin Marincin Slava Voynov 40 1 2 2
Last Minutes Offensive
Center Left Wing Right Wing Defense Defense
Drew Shore Jeff Skinner Jesper Fast Patrick Wey Dougie Hamilton
Last Minutes Defensive
Center Left Wing Right Wing Defense Defense
Drew Shore Jeff Skinner Jesper Fast Patrick Wey Dougie Hamilton
Goaltenders
Starting : Corey Crawford
Backup : Joonas Korpisalo
Extra Forwards
Normal : Sergey Kalinin, Teemu Hartikainen, Devin Shore - PP : Sergey Kalinin, Teemu Hartikainen - PK : Devin Shore
Extra Defensemen
Normal : Michael Stone, Andrew Campbell, Martin Marincin - PP : Michael Stone - PK : Andrew Campbell, Martin Marincin
Penalty Shots
Jeff Skinner, Melker Karlsson, Devin Shore, Petr Straka, Matt Halischuk
Scratches
Ryan Dzingel (Healthy), T.J. Tynan (Healthy), Ty Rattie (Healthy), Brett Pesce (Healthy), Joey Laleggia (Healthy)
Cal Petersen (Healthy)
Senators
5 vs 5 Forward
Center Left Wing Right Wing Time % Phy DF OF
1 Stephane Da Costa Gabriel Bourque Marc-André Bernier 40 1 2 2
2 Tommy Wingels Nick Foligno Matt Frattin 30 1 2 2
3 Zemgus Girgensons Johannes Salmonsson Sebastian Wannstrom 20 1 2 2
4 Chandler Stephenson Andy Andreoff Grant Besse 10 1 2 2
5 vs 5 Defense
Defense Defense Time % Phy DF OF
1 Ian Cole Arturs Kulda 40 1 2 2
2 Olli Maatta Samuel Morin 30 1 2 2
3 Dylan Blujus Keegan Lowe 20 1 2 2
4 Mason Geertsen Ian Cole 10 1 2 2
PowerPlay Forward
Center Left Wing Right Wing Time % Phy DF OF
1 Stephane Da Costa Gabriel Bourque Marc-André Bernier 60 1 2 2
2 Tommy Wingels Nick Foligno Matt Frattin 40 1 2 2
PowerPlay Defense
Defense Defense Time % Phy DF OF
1 Ian Cole Arturs Kulda 60 1 2 2
2 Olli Maatta Samuel Morin 40 1 2 2
Penalty Kill 4 Players Forward
Center Wing Time % Phy DF OF
1 Stephane Da Costa Gabriel Bourque 60 1 2 2
2 Nick Foligno Johannes Salmonsson 40 1 2 2
Penalty Kill 4 Players Defense
Defense Defense Time % Phy DF OF
1 Ian Cole Arturs Kulda 60 1 2 2
2 Olli Maatta Samuel Morin 40 1 2 2
Penalty Kill - 3 Players Forward
Forward Time % Phy DF OF
1 Stephane Da Costa 60 1 2 2
2 Gabriel Bourque 40 1 2 2
Penalty Kill - 3 Players Defense
Defense Defense Time % Phy DF OF
1 Ian Cole Arturs Kulda 60 1 2 2
2 Olli Maatta Samuel Morin 40 1 2 2
4 vs 4 Forward
Center Wing Time % Phy DF OF
1 Stephane Da Costa Gabriel Bourque 60 1 2 2
2 Nick Foligno Johannes Salmonsson 40 1 2 2
4 vs 4 Defense
Defense Defense Time % Phy DF OF
1 Ian Cole Arturs Kulda 60 1 2 2
2 Olli Maatta Samuel Morin 40 1 2 2
Last Minutes Offensive
Center Left Wing Right Wing Defense Defense
Stephane Da Costa Gabriel Bourque Marc-André Bernier Ian Cole Arturs Kulda
Last Minutes Defensive
Center Left Wing Right Wing Defense Defense
Stephane Da Costa Gabriel Bourque Marc-André Bernier Ian Cole Arturs Kulda
Goaltenders
Starting : Brad Thiessen
Backup : Ben Bishop
Extra Forwards
Normal : Phil Di Giuseppe, Brett Bulmer, Andy Andreoff - PP : Phil Di Giuseppe, Brett Bulmer - PK : Andy Andreoff
Extra Defensemen
Normal : Dylan Blujus, Keegan Lowe, Mason Geertsen - PP : Dylan Blujus - PK : Keegan Lowe, Mason Geertsen
Penalty Shots
Stephane Da Costa, Gabriel Bourque, Nick Foligno, Johannes Salmonsson, Marc-André Bernier
Scratches
Blake Coleman (Healthy)
% Time on Ice - Sasquatch
Lines # - Real PCT - Wanted PCT - Time Play
Normal Forward
1 - 38% - 40% - 15:22
2 - 27% - 30% - 11:00
3 - 18% - 20% - 7:17
4 - 17% - 10% - 6:39
Normal Defense
1 - 42% - 40% - 16:55
2 - 33% - 30% - 13:14
3 - 23% - 20% - 9:06
4 - 3% - 10% - 1:03
PP Forward
1 - 57% - 60% - 6:08
2 - 43% - 40% - 4:34
PP Defense
1 - 63% - 60% - 6:43
2 - 37% - 40% - 3:59
PK Forward
1 - 73% - 60% - 4:54
2 - 27% - 40% - 1:50
PK Defense
1 - 51% - 60% - 3:26
2 - 49% - 40% - 3:18
PK3 Forward
1 - 0% - 60%
2 - 0% - 40%
PK3 Defense
1 - 0% - 60%
2 - 0% - 40%
44 Forward
1 - 74% - 60% - 0:53
2 - 26% - 40% - 0:19
44 Defense
1 - 54% - 60% - 0:39
2 - 46% - 40% - 0:33
Last Minute Offensive - 1:04
Last Minute Defensive - 0:00
Total
Forward - 60:00
Defense - 60:00
|
% Time on Ice - Senators
Lines # - Real PCT - Wanted PCT - Time Play
Normal Forward
1 - 37% - 40% - 14:43
2 - 25% - 30% - 10:16
3 - 22% - 20% - 8:45
4 - 16% - 10% - 6:33
Normal Defense
1 - 38% - 40% - 15:18
2 - 30% - 30% - 12:08
3 - 29% - 20% - 11:36
4 - 3% - 10% - 1:15
PP Forward
1 - 52% - 60% - 3:30
2 - 48% - 40% - 3:14
PP Defense
1 - 57% - 60% - 3:50
2 - 43% - 40% - 2:54
PK Forward
1 - 73% - 60% - 7:51
2 - 27% - 40% - 2:51
PK Defense
1 - 62% - 60% - 6:35
2 - 38% - 40% - 4:07
PK3 Forward
1 - 0% - 60%
2 - 0% - 40%
PK3 Defense
1 - 0% - 60%
2 - 0% - 40%
44 Forward
1 - 65% - 60% - 0:47
2 - 35% - 40% - 0:25
44 Defense
1 - 57% - 60% - 0:41
2 - 43% - 40% - 0:31
Last Minute Offensive - 0:00
Last Minute Defensive - 1:05
Total
Forward - 60:00
Defense - 60:00
|
Play by Play
1st period
0:01 of 1st period - Drew Shore wins face-off versus Stephane Da Costa in neutral zone.
0:03 of 1st period - Off-side.
0:04 of 1st period - Drew Shore wins face-off versus Stephane Da Costa in neutral zone.
0:45 of 1st period - Minor Penalty to Matt Halischuk for Holding Stick.
0:46 of 1st period - Stephane Da Costa wins face-off versus Drew Shore in Sasquatch zone.
1:11 of 1st period - Arturs Kulda is hit by Slava Voynov and loses puck.
1:40 of 1st period - Marc-André Bernier is hit by Nicolas Deslauriers and loses puck.
1:59 of 1st period - Sergey Kalinin is hit by Nick Foligno and loses puck.
2:21 of 1st period - Icing by Marc-André Bernier.
2:22 of 1st period - Drew Shore wins face-off versus Stephane Da Costa in Senators zone.
2:45 of 1st period - Penalty to Matt Halischuk is over, Matt Halischuk is back on ice.
3:01 of 1st period - Wrist shot by Teemu Hartikainen.
3:01 of 1st period - Stopped by Brad Thiessen with a rebound.
3:09 of 1st period - Snap shot by Sergey Kalinin.
3:09 of 1st period - Shot Blocked by Johannes Salmonsson.
3:11 of 1st period - Slapshot by Sergey Kalinin.
3:11 of 1st period - Shot Blocked by Keegan Lowe.
3:13 of 1st period - Slapshot by Patrick Wey.
3:13 of 1st period - Shot Blocked by Zemgus Girgensons.
3:15 of 1st period - Snap shot by Teemu Hartikainen.
3:15 of 1st period - Shot Misses the Net.
3:17 of 1st period - Snap shot by Matt Halischuk.
3:17 of 1st period - Stopped by Brad Thiessen with a rebound.
3:19 of 1st period - Wrist shot by Teemu Hartikainen.
3:19 of 1st period - Shot Misses the Net.
3:21 of 1st period - Slapshot by Patrick Wey.
3:21 of 1st period - Shot Blocked by Johannes Salmonsson.
3:23 of 1st period - Slapshot by Dougie Hamilton.
3:23 of 1st period - Stopped by Brad Thiessen with a rebound.
3:57 of 1st period - Snap shot by Teemu Hartikainen.
3:57 of 1st period - Stopped by Brad Thiessen without a rebound.
3:58 of 1st period - Drew Shore wins face-off versus Stephane Da Costa in Senators zone.
5:00 of 1st period - Michael Stone is hit by Ian Cole and loses puck.
5:31 of 1st period - Slava Voynov is hit by Gabriel Bourque and loses puck.
5:41 of 1st period - Icing by Slava Voynov.
5:42 of 1st period - Devin Shore wins face-off versus Tommy Wingels in Sasquatch zone.
5:55 of 1st period - Snap shot by Nick Foligno.
5:55 of 1st period - Stopped by Corey Crawford without a rebound.
5:56 of 1st period - Sergey Kalinin wins face-off versus Stephane Da Costa in Sasquatch zone.
6:11 of 1st period - Off-side.
6:12 of 1st period - Drew Shore wins face-off versus Tommy Wingels in neutral zone.
6:12 of 1st period - Drew Shore is hit by Matt Frattin.
6:42 of 1st period - Samuel Morin is hit by Drew Shore and loses puck.
7:11 of 1st period - Snap shot by Petr Straka.
7:11 of 1st period - Shot Blocked by Samuel Morin.
7:43 of 1st period - Slapshot by Nick Foligno.
7:43 of 1st period - Deflect By Tommy Wingels.
7:43 of 1st period - Shot Blocked by Teemu Hartikainen.
7:43 of 1st period - Puck is out of play.
7:44 of 1st period - Tommy Wingels wins face-off versus Melker Karlsson in Sasquatch zone.
7:45 of 1st period - Snap shot by Nick Foligno.
7:45 of 1st period - Stopped by Corey Crawford with a rebound.
7:47 of 1st period - Slapshot by Ian Cole.
7:47 of 1st period - Shot Blocked by Melker Karlsson.
7:49 of 1st period - Snap shot by Arturs Kulda.
7:49 of 1st period - Stopped by Corey Crawford with a rebound.
8:20 of 1st period - Keegan Lowe is hit by Andrew Campbell.
8:37 of 1st period - Off-side.
8:38 of 1st period - Drew Shore wins face-off versus Stephane Da Costa in neutral zone.
8:53 of 1st period - Snap shot by Gabriel Bourque.
8:53 of 1st period - Stopped by Corey Crawford with a rebound.
9:45 of 1st period - Icing by Samuel Morin.
9:46 of 1st period - Sergey Kalinin wins face-off versus Stephane Da Costa in Senators zone.
9:47 of 1st period - Wrist shot by Petr Straka.
9:47 of 1st period - Stopped by Brad Thiessen without a rebound.
9:48 of 1st period - Sergey Kalinin wins face-off versus Stephane Da Costa in Senators zone.
10:15 of 1st period - Drew Shore is hit by Arturs Kulda and loses puck.
10:20 of 1st period - Snap shot by Matt Frattin.
10:20 of 1st period - Shot Misses the Net.
10:22 of 1st period - Wrist shot by Tommy Wingels.
10:22 of 1st period - Shot Misses the Net.
10:24 of 1st period - Slapshot by Olli Maatta.
10:24 of 1st period - Stopped by Corey Crawford with a rebound.
11:04 of 1st period - Snap shot by Devin Shore.
11:04 of 1st period - Stopped by Brad Thiessen with a rebound.
11:06 of 1st period - Backhand shot by Martin Marincin.
11:06 of 1st period - Stopped by Brad Thiessen without a rebound.
11:07 of 1st period - Jeff Skinner wins face-off versus Stephane Da Costa in Senators zone.
11:10 of 1st period - Snap shot by Jesper Fast.
11:10 of 1st period - Stopped by Brad Thiessen with a rebound.
12:02 of 1st period - Snap shot by Brock Trotter.
12:02 of 1st period - Shot Misses the Net.
12:51 of 1st period - Minor Penalty to Marc-André Bernier for Roughing.
12:52 of 1st period - Drew Shore wins face-off versus Stephane Da Costa in Senators zone.
13:03 of 1st period - Wrist shot by Jeff Skinner.
13:03 of 1st period - Stopped by Brad Thiessen with a rebound.
13:22 of 1st period - Slapshot by Brock Trotter.
13:22 of 1st period - Deflect By Olli Maatta.
13:22 of 1st period - Stopped by Brad Thiessen without a rebound.
13:23 of 1st period - Stephane Da Costa wins face-off versus Melker Karlsson in Senators zone.
13:32 of 1st period - Wrist shot by Melker Karlsson.
13:32 of 1st period - Stopped by Brad Thiessen with a rebound.
13:34 of 1st period - Wrist shot by Melker Karlsson.
13:34 of 1st period - Shot Misses the Net.
13:36 of 1st period - Slapshot by Martin Marincin.
13:36 of 1st period - Deflect By Brock Trotter.
13:36 of 1st period - Stopped by Brad Thiessen without a rebound.
13:37 of 1st period - Drew Shore wins face-off versus Stephane Da Costa in Senators zone.
14:51 of 1st period - Penalty to Marc-André Bernier is over, Marc-André Bernier is back on ice.
15:08 of 1st period - Wrist shot by Nicolas Deslauriers.
15:08 of 1st period - Shot Misses the Net.
15:10 of 1st period - Snap shot by Nicolas Deslauriers.
15:10 of 1st period - Stopped by Brad Thiessen with a rebound.
15:12 of 1st period - Snap shot by Devin Shore.
15:12 of 1st period - Stopped by Brad Thiessen with a rebound.
15:18 of 1st period - Minor Penalty to Matt Frattin for Holding.
15:19 of 1st period - Stephane Da Costa wins face-off versus Drew Shore in Senators zone.
15:28 of 1st period - Snap shot by Gabriel Bourque.
15:28 of 1st period - Shot Blocked by Jeff Skinner.
17:18 of 1st period - Penalty to Matt Frattin is over, Matt Frattin is back on ice.
17:38 of 1st period - Snap shot by Matt Frattin.
17:38 of 1st period - Stopped by Corey Crawford with a rebound.
17:48 of 1st period - Slapshot by Matt Frattin.
17:48 of 1st period - Goal by Matt Frattin - Sasquatch : 0 - Senators : 1.
17:49 of 1st period - Drew Shore wins face-off versus Stephane Da Costa in neutral zone.
17:54 of 1st period - Wrist shot by Jeff Skinner.
17:54 of 1st period - Shot Blocked by Samuel Morin.
18:04 of 1st period - Wrist shot by Gabriel Bourque.
18:04 of 1st period - Stopped by Corey Crawford with a rebound.
18:16 of 1st period - Nick Foligno is hit by Matt Halischuk and loses puck.
18:39 of 1st period - Wrist shot by Sebastian Wannstrom.
18:39 of 1st period - Shot Blocked by Brock Trotter.
18:50 of 1st period - Petr Straka is hit by Zemgus Girgensons and loses puck.
19:04 of 1st period - Wrist shot by Brock Trotter.
19:04 of 1st period - Stopped by Brad Thiessen without a rebound.
19:05 of 1st period - Stephane Da Costa wins face-off versus Drew Shore in Senators zone.
19:08 of 1st period - Snap shot by Jeff Skinner.
19:08 of 1st period - Shot Misses the Net.
19:15 of 1st period - Off-side.
19:16 of 1st period - Drew Shore wins face-off versus Stephane Da Costa in neutral zone.
19:21 of 1st period - Wrist shot by Drew Shore.
19:21 of 1st period - Shot Misses the Net.
19:25 of 1st period - Slapshot by Drew Shore.
19:25 of 1st period - Deflect By Jeff Skinner.
19:25 of 1st period - Shot Blocked by Ian Cole.
19:25 of 1st period - Puck is out of play.
19:26 of 1st period - Drew Shore wins face-off versus Stephane Da Costa in Senators zone.
19:29 of 1st period - Backhand shot by Jeff Skinner.
19:29 of 1st period - Stopped by Brad Thiessen with a rebound.
19:31 of 1st period - Snap shot by Jesper Fast.
19:31 of 1st period - Stopped by Brad Thiessen with a rebound.
19:33 of 1st period - Wrist shot by Drew Shore.
19:33 of 1st period - Stopped by Brad Thiessen without a rebound.
19:34 of 1st period - Stephane Da Costa wins face-off versus Drew Shore in Senators zone.
19:34 of 1st period - Stephane Da Costa is hit by Jeff Skinner.
19:42 of 1st period - Snap shot by Stephane Da Costa.
19:42 of 1st period - Deflect By Gabriel Bourque.
19:42 of 1st period - Stopped by Corey Crawford without a rebound.
19:43 of 1st period - Drew Shore wins face-off versus Gabriel Bourque in Sasquatch zone.
19:59 of 1st period - Snap shot by Stephane Da Costa.
19:59 of 1st period - Stopped by Corey Crawford with a rebound.
Goals for this period are 0 for Sasquatch vs 1 for Senators.
Shots for this period are 18 for Sasquatch vs 10 for Senators.
2nd period
0:01 of 2nd period - Stephane Da Costa wins face-off versus Melker Karlsson in neutral zone.
0:04 of 2nd period - Slapshot by Arturs Kulda.
0:04 of 2nd period - Deflect By Stephane Da Costa.
0:04 of 2nd period - Stopped by Corey Crawford without a rebound.
0:05 of 2nd period - Stephane Da Costa wins face-off versus Melker Karlsson in Sasquatch zone.
0:14 of 2nd period - Wrist shot by Gabriel Bourque.
0:14 of 2nd period - Stopped by Corey Crawford with a rebound.
0:16 of 2nd period - Slapshot by Ian Cole.
0:16 of 2nd period - Shot Misses the Net.
0:18 of 2nd period - Snap shot by Marc-André Bernier.
0:18 of 2nd period - Goal by Marc-André Bernier - Sasquatch : 0 - Senators : 2.
0:19 of 2nd period - Drew Shore wins face-off versus Stephane Da Costa in neutral zone.
0:28 of 2nd period - Dougie Hamilton is hit by Ian Cole and loses puck.
0:33 of 2nd period - Snap shot by Stephane Da Costa.
0:33 of 2nd period - Stopped by Corey Crawford with a rebound.
0:35 of 2nd period - Snap shot by Marc-André Bernier.
0:35 of 2nd period - Shot Misses the Net.
0:45 of 2nd period - Matt Frattin is hit by Matt Halischuk.
1:30 of 2nd period - Snap shot by Nicolas Deslauriers.
1:30 of 2nd period - Shot Blocked by Grant Besse.
1:41 of 2nd period - Minor Penalty to Sven Andrighetto for Roughing.
1:42 of 2nd period - Stephane Da Costa wins face-off versus Drew Shore in Sasquatch zone.
2:48 of 2nd period - Nicolas Deslauriers is hit by Stephane Da Costa and loses puck.
3:41 of 2nd period - Penalty to Sven Andrighetto is over, Sven Andrighetto is back on ice.
3:42 of 2nd period - Slapshot by Ian Cole.
3:42 of 2nd period - Shot Misses the Net.
4:47 of 2nd period - Slapshot by Slava Voynov.
4:47 of 2nd period - Stopped by Brad Thiessen with a rebound.
4:49 of 2nd period - Slapshot by Martin Marincin.
4:49 of 2nd period - Deflect By Devin Shore.
4:49 of 2nd period - Shot Blocked by Dylan Blujus.
4:49 of 2nd period - Puck is out of play.
4:50 of 2nd period - Melker Karlsson wins face-off versus Tommy Wingels in Senators zone.
4:53 of 2nd period - Wrist shot by Melker Karlsson.
4:53 of 2nd period - Shot Misses the Net.
5:17 of 2nd period - Marc-André Bernier is hit by Jesper Fast and loses puck.
5:26 of 2nd period - Snap shot by Jeff Skinner.
5:26 of 2nd period - Stopped by Brad Thiessen without a rebound.
5:27 of 2nd period - Zemgus Girgensons wins face-off versus Drew Shore in Senators zone.
5:33 of 2nd period - Off-side.
5:34 of 2nd period - Drew Shore wins face-off versus Zemgus Girgensons in neutral zone.
5:39 of 2nd period - Snap shot by Patrick Wey.
5:39 of 2nd period - Shot Misses the Net.
6:12 of 2nd period - Wrist shot by Jesper Fast.
6:12 of 2nd period - Shot Blocked by Johannes Salmonsson.
6:16 of 2nd period - Slapshot by Jesper Fast.
6:16 of 2nd period - Stopped by Brad Thiessen with a rebound.
6:45 of 2nd period - Drew Shore is hit by Zemgus Girgensons and loses puck.
7:00 of 2nd period - Slapshot by Jesper Fast.
7:00 of 2nd period - Stopped by Brad Thiessen without a rebound.
7:01 of 2nd period - Melker Karlsson wins face-off versus Tommy Wingels in Senators zone.
7:26 of 2nd period - Snap shot by Andy Andreoff.
7:26 of 2nd period - Stopped by Corey Crawford with a rebound.
7:28 of 2nd period - Slapshot by Dylan Blujus.
7:28 of 2nd period - Deflect By Chandler Stephenson.
7:28 of 2nd period - Shot Blocked by Slava Voynov.
7:28 of 2nd period - Puck is out of play.
7:29 of 2nd period - Sergey Kalinin wins face-off versus Chandler Stephenson in Sasquatch zone.
7:38 of 2nd period - Snap shot by Brock Trotter.
7:38 of 2nd period - Shot Misses the Net.
7:58 of 2nd period - Andrew Campbell is hit by Marc-André Bernier and loses puck.
8:05 of 2nd period - Gabriel Bourque is hit by Michael Stone and loses puck.
8:22 of 2nd period - Martin Marincin is hit by Marc-André Bernier.
8:42 of 2nd period - Snap shot by Matt Frattin.
8:42 of 2nd period - Shot Misses the Net.
9:03 of 2nd period - Slapshot by Slava Voynov.
9:03 of 2nd period - Shot Misses the Net.
9:13 of 2nd period - Slapshot by Ian Cole.
9:13 of 2nd period - Shot Misses the Net.
9:28 of 2nd period - Snap shot by Devin Shore.
9:28 of 2nd period - Stopped by Brad Thiessen with a rebound.
9:30 of 2nd period - Slapshot by Dougie Hamilton.
9:30 of 2nd period - Stopped by Brad Thiessen without a rebound.
9:31 of 2nd period - Melker Karlsson wins face-off versus Tommy Wingels in Senators zone.
9:59 of 2nd period - Minor Penalty to Grant Besse for Holding Stick.
10:00 of 2nd period - Drew Shore wins face-off versus Stephane Da Costa in Senators zone.
10:14 of 2nd period - Slapshot by Dougie Hamilton.
10:14 of 2nd period - Shot Misses the Net.
11:59 of 2nd period - Penalty to Grant Besse is over, Grant Besse is back on ice.
12:11 of 2nd period - Snap shot by Nicolas Deslauriers.
12:11 of 2nd period - Deflect By Devin Shore.
12:11 of 2nd period - Stopped by Brad Thiessen with a rebound.
12:15 of 2nd period - Wrist shot by Devin Shore.
12:15 of 2nd period - Shot Blocked by Johannes Salmonsson.
12:17 of 2nd period - Wrist shot by Andrew Campbell.
12:17 of 2nd period - Shot Misses the Net.
12:33 of 2nd period - Snap shot by Matt Frattin.
12:33 of 2nd period - Stopped by Corey Crawford with a rebound.
12:35 of 2nd period - Slapshot by Nick Foligno.
12:35 of 2nd period - Shot Blocked by Andrew Campbell.
12:37 of 2nd period - Slapshot by Samuel Morin.
12:37 of 2nd period - Shot Misses the Net.
13:20 of 2nd period - Slapshot by Drew Shore.
13:20 of 2nd period - Shot Blocked by Grant Besse.
13:47 of 2nd period - Icing by Marc-André Bernier.
13:48 of 2nd period - Stephane Da Costa wins face-off versus Melker Karlsson in Senators zone.
13:55 of 2nd period - Slapshot by Ian Cole.
13:55 of 2nd period - Deflect By Matt Frattin.
13:55 of 2nd period - Stopped by Corey Crawford with a rebound.
13:57 of 2nd period - Snap shot by Tommy Wingels.
13:57 of 2nd period - Stopped by Corey Crawford with a rebound.
13:59 of 2nd period - Snap shot by Nick Foligno.
13:59 of 2nd period - Shot Blocked by Matt Halischuk.
14:17 of 2nd period - Slapshot by Dougie Hamilton.
14:17 of 2nd period - Shot Misses the Net.
14:19 of 2nd period - Slapshot by Patrick Wey.
14:19 of 2nd period - Shot Misses the Net.
14:21 of 2nd period - Slapshot by Patrick Wey.
14:21 of 2nd period - Goal by Patrick Wey - Sasquatch : 1 - Senators : 2.
14:22 of 2nd period - Stephane Da Costa wins face-off versus Drew Shore in neutral zone.
14:24 of 2nd period - Off-side.
14:25 of 2nd period - Stephane Da Costa wins face-off versus Drew Shore in neutral zone.
14:28 of 2nd period - Snap shot by Gabriel Bourque.
14:28 of 2nd period - Goal by Gabriel Bourque - Sasquatch : 1 - Senators : 3.
14:29 of 2nd period - Stephane Da Costa wins face-off versus Melker Karlsson in neutral zone.
14:36 of 2nd period - Snap shot by Gabriel Bourque.
14:36 of 2nd period - Stopped by Corey Crawford with a rebound.
14:38 of 2nd period - Snap shot by Gabriel Bourque.
14:38 of 2nd period - Shot Blocked by Teemu Hartikainen.
14:40 of 2nd period - Wrist shot by Stephane Da Costa.
14:40 of 2nd period - Deflect By Dougie Hamilton.
14:40 of 2nd period - Shot Misses the Net.
14:40 of 2nd period - Puck is out of play.
14:41 of 2nd period - Stephane Da Costa wins face-off versus Drew Shore in Sasquatch zone.
14:45 of 2nd period - Icing by Jeff Skinner.
14:46 of 2nd period - Stephane Da Costa wins face-off versus Jeff Skinner in Sasquatch zone.
15:03 of 2nd period - Ian Cole is hit by Drew Shore.
15:10 of 2nd period - Icing by Patrick Wey.
15:11 of 2nd period - Melker Karlsson wins face-off versus Tommy Wingels in Sasquatch zone.
15:11 of 2nd period - Matt Halischuk is hit by Tommy Wingels and loses puck.
15:14 of 2nd period - Minor Penalty to Olli Maatta for Tripping.
15:15 of 2nd period - Stephane Da Costa wins face-off versus Drew Shore in Senators zone.
15:40 of 2nd period - Stephane Da Costa is hit by Melker Karlsson and loses puck.
15:49 of 2nd period - Snap shot by Brock Trotter.
15:49 of 2nd period - Stopped by Brad Thiessen without a rebound.
15:50 of 2nd period - Nick Foligno wins face-off versus Drew Shore in Senators zone.
15:50 of 2nd period - Nick Foligno is hit by Drew Shore.
16:01 of 2nd period - Minor Penalty to Slava Voynov for Hooking.
16:02 of 2nd period - Jeff Skinner wins face-off versus Stephane Da Costa in Sasquatch zone.
16:17 of 2nd period - Snap shot by Jeff Skinner.
16:17 of 2nd period - Shot Misses the Net.
17:14 of 2nd period - Penalty to Olli Maatta is over, Olli Maatta is back on ice.
17:57 of 2nd period - Olli Maatta is hit by Devin Shore and loses puck.
18:01 of 2nd period - Penalty to Slava Voynov is over, Slava Voynov is back on ice.
18:32 of 2nd period - Dylan Blujus is hit by Sergey Kalinin and loses puck.
18:55 of 2nd period - Icing by Brock Trotter.
18:56 of 2nd period - Drew Shore wins face-off versus Stephane Da Costa in Sasquatch zone.
18:56 of 2nd period - Drew Shore is hit by Gabriel Bourque.
19:10 of 2nd period - Slapshot by Arturs Kulda.
19:10 of 2nd period - Stopped by Corey Crawford without a rebound.
19:11 of 2nd period - Tommy Wingels wins face-off versus Melker Karlsson in Sasquatch zone.
19:12 of 2nd period - Snap shot by Matt Frattin.
19:12 of 2nd period - Shot Blocked by Melker Karlsson.
19:14 of 2nd period - Snap shot by Matt Frattin.
19:14 of 2nd period - Stopped by Corey Crawford without a rebound.
19:15 of 2nd period - Tommy Wingels wins face-off versus Melker Karlsson in Sasquatch zone.
19:45 of 2nd period - Patrick Wey is hit by Arturs Kulda and loses puck.
Goals for this period are 1 for Sasquatch vs 2 for Senators.
Shots for this period are 9 for Sasquatch vs 12 for Senators.
3rd period
0:01 of 3rd period - Stephane Da Costa wins face-off versus Drew Shore in neutral zone.
0:26 of 3rd period - Tommy Wingels is hit by Matt Halischuk and loses puck.
0:49 of 3rd period - Wrist shot by Devin Shore.
0:49 of 3rd period - Goal by Devin Shore - Sasquatch : 2 - Senators : 3.
0:50 of 3rd period - Gabriel Bourque wins face-off versus Drew Shore in neutral zone.
0:59 of 3rd period - Snap shot by Gabriel Bourque.
0:59 of 3rd period - Shot Misses the Net.
1:01 of 3rd period - Slapshot by Olli Maatta.
1:01 of 3rd period - Deflect By Stephane Da Costa.
1:01 of 3rd period - Goal by Stephane Da Costa - Sasquatch : 2 - Senators : 4.
1:02 of 3rd period - Drew Shore wins face-off versus Stephane Da Costa in neutral zone.
1:04 of 3rd period - Off-side.
1:05 of 3rd period - Drew Shore wins face-off versus Stephane Da Costa in neutral zone.
1:52 of 3rd period - Sebastian Wannstrom is hit by Brock Trotter and loses puck.
2:17 of 3rd period - Off-side.
2:18 of 3rd period - Melker Karlsson wins face-off versus Gabriel Bourque in neutral zone.
2:25 of 3rd period - Wrist shot by Gabriel Bourque.
2:25 of 3rd period - Shot Blocked by Teemu Hartikainen.
2:32 of 3rd period - Minor Penalty to Keegan Lowe for Hooking.
2:33 of 3rd period - Stephane Da Costa wins face-off versus Drew Shore in Senators zone.
2:45 of 3rd period - Slapshot by Gabriel Bourque.
2:45 of 3rd period - Deflect By Stephane Da Costa.
2:45 of 3rd period - Shot Blocked by Dougie Hamilton.
2:45 of 3rd period - Puck is out of play.
2:46 of 3rd period - Drew Shore wins face-off versus Stephane Da Costa in Sasquatch zone.
2:57 of 3rd period - Wrist shot by Matt Halischuk.
2:57 of 3rd period - Shot Misses the Net.
2:59 of 3rd period - Slapshot by Patrick Wey.
2:59 of 3rd period - Deflect By Jeff Skinner.
2:59 of 3rd period - Shot Misses the Net.
2:59 of 3rd period - Puck is out of play.
3:00 of 3rd period - Stephane Da Costa wins face-off versus Drew Shore in Senators zone.
3:25 of 3rd period - Ian Cole is hit by Patrick Wey and loses puck.
4:06 of 3rd period - Gabriel Bourque is hit by Jesper Fast and loses puck.
4:32 of 3rd period - Penalty to Keegan Lowe is over, Keegan Lowe is back on ice.
4:44 of 3rd period - Backhand shot by Ian Cole.
4:44 of 3rd period - Stopped by Corey Crawford with a rebound.
4:46 of 3rd period - Snap shot by Chandler Stephenson.
4:46 of 3rd period - Shot Blocked by Andrew Campbell.
5:20 of 3rd period - Matt Halischuk is hit by Matt Frattin and loses puck.
6:00 of 3rd period - Sven Andrighetto is hit by Nick Foligno and loses puck.
6:31 of 3rd period - Patrick Wey is hit by Arturs Kulda and loses puck.
6:36 of 3rd period - Dougie Hamilton is hit by Ian Cole and loses puck.
7:03 of 3rd period - Wrist shot by Melker Karlsson.
7:03 of 3rd period - Stopped by Brad Thiessen without a rebound.
7:04 of 3rd period - Tommy Wingels wins face-off versus Jeff Skinner in Senators zone.
7:04 of 3rd period - Tommy Wingels is hit by Drew Shore.
7:07 of 3rd period - Minor Penalty to Matt Frattin for Tripping.
7:08 of 3rd period - Melker Karlsson wins face-off versus Stephane Da Costa in Senators zone.
7:08 of 3rd period - Snap shot by Brock Trotter.
7:08 of 3rd period - Stopped by Brad Thiessen with a rebound.
7:18 of 3rd period - Snap shot by Brock Trotter.
7:18 of 3rd period - Stopped by Brad Thiessen without a rebound.
7:19 of 3rd period - Jeff Skinner wins face-off versus Stephane Da Costa in Senators zone.
9:07 of 3rd period - Penalty to Matt Frattin is over, Matt Frattin is back on ice.
9:33 of 3rd period - Andy Andreoff is hit by Sergey Kalinin and loses puck.
10:01 of 3rd period - Matt Halischuk is hit by Ian Cole and loses puck.
10:18 of 3rd period - Dylan Blujus is hit by Andrew Campbell and loses puck.
10:25 of 3rd period - Devin Shore is hit by Andy Andreoff.
10:37 of 3rd period - Ian Cole is hit by Sergey Kalinin and loses puck.
11:00 of 3rd period - Matt Frattin is hit by Melker Karlsson and loses puck.
11:39 of 3rd period - Off-side.
11:40 of 3rd period - Devin Shore wins face-off versus Chandler Stephenson in neutral zone.
12:11 of 3rd period - Wrist shot by Devin Shore.
12:11 of 3rd period - Shot Blocked by Dylan Blujus.
12:13 of 3rd period - Snap shot by Sven Andrighetto.
12:13 of 3rd period - Stopped by Brad Thiessen with a rebound.
12:15 of 3rd period - Slapshot by Andrew Campbell.
12:15 of 3rd period - Shot Misses the Net.
12:17 of 3rd period - Snap shot by Nicolas Deslauriers.
12:17 of 3rd period - Goal by Nicolas Deslauriers - Sasquatch : 3 - Senators : 4.
12:18 of 3rd period - Drew Shore wins face-off versus Stephane Da Costa in neutral zone.
12:46 of 3rd period - Minor Penalty to Teemu Hartikainen for Tripping.
12:47 of 3rd period - Stephane Da Costa wins face-off versus Drew Shore in Sasquatch zone.
12:52 of 3rd period - Snap shot by Gabriel Bourque.
12:52 of 3rd period - Stopped by Corey Crawford without a rebound.
12:53 of 3rd period - Drew Shore wins face-off versus Stephane Da Costa in Sasquatch zone.
13:06 of 3rd period - Dougie Hamilton is hit by Gabriel Bourque.
13:10 of 3rd period - Patrick Wey is hit by Marc-André Bernier.
14:46 of 3rd period - Penalty to Teemu Hartikainen is over, Teemu Hartikainen is back on ice.
15:45 of 3rd period - Off-side.
15:46 of 3rd period - Zemgus Girgensons wins face-off versus Drew Shore in neutral zone.
16:15 of 3rd period - Snap shot by Gabriel Bourque.
16:15 of 3rd period - Stopped by Corey Crawford with a rebound.
16:17 of 3rd period - Snap shot by Gabriel Bourque.
16:17 of 3rd period - Deflect By Dougie Hamilton.
16:17 of 3rd period - Shot Misses the Net.
16:17 of 3rd period - Puck is out of play.
16:18 of 3rd period - Sergey Kalinin wins face-off versus Zemgus Girgensons in Sasquatch zone.
16:45 of 3rd period - Gabriel Bourque is hit by Drew Shore and loses puck.
17:37 of 3rd period - Wrist shot by Petr Straka.
17:37 of 3rd period - Stopped by Brad Thiessen with a rebound.
18:21 of 3rd period - Jeff Skinner is hit by Stephane Da Costa.
19:01 of 3rd period - Sergey Kalinin is hit by Stephane Da Costa and loses puck.
19:18 of 3rd period - Sasquatch, Corey Crawford is pulled from the net.
19:18 of 3rd period - Snap shot by Teemu Hartikainen.
19:18 of 3rd period - Stopped by Brad Thiessen without a rebound.
19:19 of 3rd period - Dave Tippett call a timeout for Sasquatch.
19:19 of 3rd period - Stephane Da Costa wins face-off versus Sergey Kalinin in Senators zone.
19:49 of 3rd period - Wrist shot by Sergey Kalinin.
19:49 of 3rd period - Shot Blocked by Arturs Kulda.
Goals for this period are 2 for Sasquatch vs 1 for Senators.
Shots for this period are 8 for Sasquatch vs 4 for Senators.
Back to the Top